 Dungeon Crawl Stone Soup version 0.32-a0-705-g60f233581c (webtiles) character file.

Game seed: 5488964093182984006

1067 hikkokomori the Charlatan (level 8, -3/59 (63) HPs)
             Began as a Coglin Hunter on Mar 15, 2024.
             Slain by a wight
             ... wielding a +0 hand axe
              (5 damage)
             ... on level 5 of the Dungeon.
             The game lasted 00:07:03 (3618 turns).

hikkokomori the Charlatan (Coglin Hunter)           Turns: 3618, Time: 00:07:04

HP:   -3/59 (63)    AC:  6    Str: 12    XL:     8   Next: 28%
MP:   8/8           EV: 11    Int:  9    God:
Gold: 0             SH:  0    Dex: 19    Spells: 7/7 levels left

rFire   . . .        a - +2 sling {Leofdaeg}
rCold   . . .        e - +1 sling (drain) {Olaf}
rNeg    . . .        c - +1 leather armour
rPois   .            (no helmet)
rElec   .            (no cloak)
rCorr   .            w - +0 pair of gloves
SInv    .            u - +0 pair of boots
Will    .....        (amulet unavailable)
Stlth   ++           (ring unavailable)
HPRegen 0.29/turn    (ring unavailable)
MPRegen 0.11/turn    (no gizmo)

%: no passive effects
@: mighty, drained, invisible, revved
A: off-hand wielding, slow wielding, warmup strikes, no jewellery
a: Invent Gizmo


You were on level 5 of the Dungeon.
You visited 1 branch of the dungeon, and saw 5 of its levels.
You also visited: Sewer.

You collected 240 gold pieces.
You spent 240 gold pieces at shops.

Inventory:

Hand Weapons
 a - a +2 sling (weapon) {Leofdaeg}
 d - a +0 sling {Byeongho}
 e - a +1 sling of draining (offhand) {Olaf}
Missiles
 f - 3 throwing nets
Armour
 c - a +1 leather armour (worn)
 u - a +0 pair of boots (worn)
 w - a +0 pair of gloves (worn)
Wands
 k - a wand of flame (15)
Scrolls
 b - 2 scrolls of butterflies
 g - a scroll of amnesia
 h - 7 scrolls of teleportation
 i - a scroll of immolation
 l - a scroll of fear
 v - a scroll of fog {unknown}
 y - a scroll of enchant weapon {unknown}
Potions
 j - a potion of magic
 m - 2 potions of brilliance {unknown}
 n - 2 potions of resistance
 o - a potion of berserk rage {unknown}
 p - a potion of invisibility
 q - a potion of might
 r - a potion of degeneration
 s - 2 potions of heal wounds {unknown}
 t - 2 potions of haste
 x - a potion of curing
 z - a potion of attraction {unknown}


   Skills:
 + Level 5.4 Fighting
 + Level 5.8 Ranged Weapons
 - Level 2.3 Dodging
 - Level 3.0 Stealth
 + Level 6.0 Evocations


You had 7 spell levels left.
You didn't know any spells.
Your spell library contained the following spells:

 Spells                   Type           Power      Damage    Failure   Level
 Inner Flame              Hex/Fire       0%         N/A       83%         3
 Irradiate                Conj/Alch      0%         3d11      100%        5
 Ignition                 Fire           0%         3d3       100%        8


Dungeon Overview and Level Annotations

Branches:
Dungeon (5/15)              Sewer (visited)
 Temple: D:4-7

Altars:
Makhleb
Qazlal

Shops:
D:1 *   D:3 [   D:5 !


Innate Abilities, Weirdness & Mutations

You can wield a second weapon in your off-hand.
It takes a long time for you to wield or remove held weapons.
Your first few attacks do less damage.
You cannot equip rings or amulets.


Message History

You shoot a sling bullet.
The sling bullet hits the wight but does no damage.
The wight hits you with a +0 falchion. The wight barely misses you.
You shoot a sling bullet.
The sling bullet hits the wight but does no damage.
You shoot a sling bullet.
The sling bullet hits the wight but does no damage.
The wight misses you. The wight barely misses you.
You shoot a sling bullet.
The sling bullet barely misses the wight.
You shoot a sling bullet. The sling bullet hits the wight.
The wight is moderately damaged.
The wight closely misses you. x2
You shoot a sling bullet.
The sling bullet barely misses the wight.
You shoot a sling bullet.
The sling bullet barely misses the wight.
The wight misses you. The wight closely misses you.
The wight hits you with a +0 hand axe! The wight hits you with a +0 falchion!
* * * LOW HITPOINT WARNING * * *
You feel drained.
* * * LOW HITPOINT WARNING * * *
You shoot a sling bullet.
The sling bullet barely misses the wight.
You shoot a sling bullet.
The sling bullet completely misses the wight.
The wight hits you with a +0 falchion!
* * * LOW HITPOINT WARNING * * *
You feel drained.
* * * LOW HITPOINT WARNING * * *
The wight closely misses you.
Unknown command.
You fade into invisibility!
The wight barely misses you. x2
You shoot a sling bullet. The sling bullet hits the wight.
The wight is heavily damaged.
You shoot a sling bullet. The sling bullet hits the wight.
The wight is severely damaged.
The wight closely misses you. The wight hits you with a +0 hand axe.
You die...

######### #.......#
#.#####.# ######.# #.#
....##.# #.# ######.##
###.##.#####.#
#)z...... #..(....##.#
#@# #
####.##.##.###z###...#
#.##.##...)........
#.##.######.###...#
#.##.# #.# ## #.##.#
#.# #.##.## #.#
#.#...## #.# #
######......####.###.#


You could see 2 wights.

Vanquished Creatures
  A water moccasin (D:4)
  2 ogres (D:4)
  A kobold brigand (Sewer)
  3 scorpions
  2 wights (D:5)
  A howler monkey (D:4)
  A bombardier beetle (D:3)
  An iron imp (D:4)
  An iguana (D:4)
  2 orc wizards
  4 adders
  6 gnolls
  2 river rats (Sewer)
  A white imp (D:5)
  2 ufetubi (D:4)
  5 ribbon worms
  10 dart slugs
  12 orcs
  8 endoplasms
  3 giant cockroaches
  6 goblins
  6 hobgoblins
  5 jackals (D:1)
  2 quokkas
  8 ball pythons
  A frilled lizard (D:2)
  13 kobolds
  5 rats
114 creatures vanquished.

Notes
Turn   | Place    | Note
-------+----------+-------------------------------------------
     0 | D:1      | hikkokomori the Coglin Hunter began the quest for the Orb.
     0 | D:1      | Reached XP level 1. HP: 16/16 MP: 1/1
    29 | D:1      | Reached skill level 1 in Stealth
    57 | D:1      | Reached XP level 2. HP: 22/22 MP: 2/2
   121 | D:1      | Found Vuukax's General Store.
   680 | D:1      | Reached XP level 3. HP: 28/28 MP: 3/3
  1391 | D:3      | Reached XP level 4. HP: 34/34 MP: 4/4
  1450 | D:3      | Reached skill level 1 in Evocations
  1524 | D:3      | Found a glowing drain.
  1557 | Sewer    | Entered a sewer
  1570 | Sewer    | Noticed a kobold brigand
  1573 | Sewer    | Killed a kobold brigand
  1574 | Sewer    | Reached skill level 2 in Evocations
  1574 | Sewer    | Reached XP level 5. HP: 41/41 MP: 5/5
  1850 | D:3      | Found Hufo's Antique Armour Boutique.
  1988 | D:3      | Reached XP level 6. HP: 28/47 MP: 6/6
  2588 | D:1      | Bought 3 scrolls of identify for 60 gold pieces
  2706 | D:4      | Reached skill level 3 in Evocations
  2762 | D:4      | Reached skill level 4 in Evocations
  2762 | D:4      | Reached XP level 7. HP: 54/54 MP: 7/7
  2763 | D:4      | Reached skill level 5 in Ranged Weapons
  2818 | D:4      | Found a burning altar of Makhleb.
  3161 | D:4      | Reached skill level 5 in Evocations
  3254 | D:4      | Reached skill level 5 in Fighting
  3254 | D:4      | Reached XP level 8. HP: 54/62 MP: 8/8
  3402 | D:5      | Entered Level 5 of the Dungeon
  3447 | D:5      | Found Macruik's Distillery.
  3470 | D:5      | Bought a potion of might for 48 gold pieces
  3470 | D:5      | Bought a potion of invisibility for 96 gold pieces
  3470 | D:5      | Bought a potion of curing for 36 gold pieces
  3505 | D:5      | Found a stormy altar of Qazlal.
  3611 | D:5      | Reached skill level 6 in Evocations
  3616 | D:5      | HP: 1/59 [wight/+0 falchion (3)]
  3618 | D:5      | Slain by a wight

Illustrated notes

Levels and vault maps discovered:
D:1:      roderic_octagonal_star, layout_basic, serial_shops,
          nicolae_shop_tiny_waterfront, minmay_misc_feat_nine_boxes
D:2:      layout_basic
D:3:      layout_loops_corners, cheibrodos_sewer_entry_drain, serial_shops,
          shop_fountains
D:4:      layout_rooms, demons_altar, kennysheep_generic_room_13
D:5:      kennysheep_slugbush, layout_loops_ring, led_sif_pool,
          mainiacjoe_overflow_large_starburst, minmay_temple_entry_offerings,
          serial_shops, nicolae_shop_tiny_waterfront,
          hellmonk_guarded_unrand_hermit, uniq_blork_the_orc

Skill      XL: |  1  2  3  4  5  6  7  8 |
---------------+-------------------------+-----
Stealth        | 1 2 3 |  3.0
Dodging        | 2 |  2.3
Ranged Weapons | 4 5 |  5.8
Evocations     | 2 4 5 6 |  6.0
Fighting       | 3 4 5 |  5.4

Action                     |  1- 3 |  4- 6 |  7- 9 || total
---------------------------+-------+-------+-------++-------
   Fire: Sling             |   138 |   218 |   190 ||   546
    Use: Scroll            |     6 |     8 |       ||    14
         Potion            |       |       |     2 ||     2
 Armour: Leather armour    |    10 |    10 |    21 ||    41
  Dodge: Dodged            |    13 |    10 |    24 ||    47

Table legend: (Time is in decaauts)
 A = Elapsed time spent in this place.
 B = Non-inter-level travel time spent in this place.
 C = Inter-level travel time spent in this place.
 D = Time resting spent in this place.
 E = Time spent auto-exploring this place.
 F = Levels seen in this place.
 G = Mean time per level.
                   A        B        C        D        E       F      G
               +--------+--------+--------+--------+--------+-----+--------+
         Total |   3733 |   3450 |    283 |      0 |   2768 |   6 |  622.2 |
       Dungeon |   3431 |   3148 |    283 |      0 |   2579 |   5 |  686.2 |
         Sewer |    302 |    302 |      0 |      0 |    189 |   1 |  302.0 |
               +--------+--------+--------+--------+--------+-----+--------+

Top non-repeatable levels by time:
     D:3: 986 daAuts
     D:1: 862 daAuts
     D:4: 765 daAuts
     D:2: 592 daAuts
   Sewer: 302 daAuts
     D:5: 223 daAuts
